 Dungeon Crawl Stone Soup version 0.29.0-11-gd7f09526c8 (webtiles) character file.

Game seed: 11257396640707952406

88 gelatine the Stinger (level 4, -2/46 HPs)
             Began as a Demonspawn Venom Mage on Sept 4, 2022.
             Was a Believer of Fedhas.
             Slain by a phantom (5 damage)
             ... on level 4 of the Dungeon.
             The game lasted 00:07:01 (3109 turns).

gelatine the Stinger (Demonspawn Venom Mage)        Turns: 3109, Time: 00:07:01

Health: -2/46      AC: 22    Str:  6 (9)  XL:     4   Next: 29%
Magic:  8/8        EV:  2    Int: 17 (18) God:    Fedhas [**....]
Gold:   128        SH:  4    Dex: 12 (13) Spells: 7/8 levels left

rFire   + . .      SeeInvis .   c - +0 club
rCold   + . .      Faith    .   (no shield)
rNeg    . . .      Spirit   .   (body armour currently unavailable)
rPois   +          Reflect  .   (helmet currently unavailable)
rElec   +          Harm     .   (cloak currently unavailable)
rCorr   +          Rampage  .   (gloves currently unavailable)
Will    .....      NoTele   +   (boots currently unavailable)
Stlth   ++........              (no amulet)
HPRegen 0.15/turn               u - +4 ring of evasion
MPRegen 0.22/turn               (no ring)

@: tree-form, resistant, hasted, very quick
A: stationary, stasis, torment immunity, boosted hp, magic regeneration,
condensation shield, (fangs 1), (horns 1)
a: Renounce Religion, Wall of Briars


You were on level 4 of the Dungeon.
You worshipped Fedhas.
Fedhas was pleased with you.
You were a tree.
You visited 1 branch of the dungeon, and saw 4 of its levels.

You collected 156 gold pieces.
You spent 28 gold pieces at shops.

Inventory:

Hand Weapons
 c - a +0 club (weapon)
Missiles
 j - a throwing net
Armour
 a - a +0 robe (melded)
 k - a +0 pair of boots (melded)
 w - a +4 ring mail
Jewellery
 u - a +4 ring of evasion (left branch)
Scrolls
 d - a scroll of amnesia {unknown}
 e - a scroll of magic mapping {unknown}
 g - a scroll of immolation {unknown}
 h - a scroll of fear {unknown}
 l - 2 scrolls of blinking {unknown}
 p - a scroll of enchant weapon {unknown}
 q - 4 scrolls of identify
 t - a scroll of summoning {unknown}
Potions
 b - a potion of magic


   Skills:
 + Level 0.5 Fighting
 + Level 2.1 Dodging
 + Level 1.7 Stealth
 + Level 0.8 Shields
 + Level 2.7 Spellcasting
 + Level 1.8 Transmutations
 + Level 3.7 Poison Magic


You had 7 spell levels left.
You knew the following spells:

 Your Spells              Type           Power      Damage    Failure   Level
a - Sting                 Tmut/Pois      44%        1d5       6%          1

Your spell library contained the following spells:

 Spells                   Type           Power      Damage    Failure   Level
 Poisonous Vapours        Pois/Air       16%        N/A       13%         2
 Mephitic Cloud           Conj/Pois/Air  6%         N/A       32%         3
 Olgreb's Toxic Radiance  Pois           14%        N/A       36%         4


Dungeon Overview and Level Annotations

Branches:
Dungeon (4/15)
 Temple: D:4-7

Altars:
Fedhas
Qazlal

Shops:
D:1 *[:


Innate Abilities, Weirdness & Mutations

You are a tree.
Your roots penetrate the ground, keeping you stationary.
You cannot be teleported.
You are immune to unholy pain and torment.
Your maximum health is greatly increased.
Your equipment is partially melded.
You regenerate magic rapidly.
A meltable shield of frost defends you. (SH +4)
((You have very sharp teeth.))
((You have a pair of small horns on your head.))


Message History

The phantom is heavily damaged.
The phantom hits you but does no damage.
You hit the phantom but do no damage.
The phantom is heavily damaged.
The phantom hits you.
* * * LOW HITPOINT WARNING * * *
You barely miss the phantom.
The phantom is heavily damaged.
The phantom hits you.
* * * LOW HITPOINT WARNING * * *
The phantom hits you but does no damage.
It was a potion of haste.
You feel yourself speed up. You block the phantom's attack.
You hit the phantom.
The phantom is severely damaged.
You barely miss the phantom.
The phantom is severely damaged.
The phantom hits you but does no damage.
You barely miss the phantom.
The phantom is severely damaged.
You block the phantom's attack.
You barely miss the phantom.
The phantom is heavily damaged.
You block the phantom's attack.
You barely miss the phantom.
The phantom is heavily damaged.
The phantom hits you but does no damage.
You hit the phantom but do no damage.
The phantom is heavily damaged.
The phantom hits you but does no damage.
You closely miss the phantom.
The phantom is heavily damaged.
You closely miss the phantom.
The phantom is heavily damaged.
The phantom hits you but does no damage.
You barely miss the phantom.
The phantom is heavily damaged.
The phantom hits you.
You die...
Fedhas appreciates your contribution to the ecosystem.

#.# #..........
##.###### #........##
#..$....# ###.######
#..####.# #.# #...## .#
#.# #.#..# (# ##'##
#....##.# ##...##
#.......# ##.....##
#.##.W♣## ##.......##
#.##...####......[..###
#.#.......+.........'..
#.##...####.......).###
#.###..# ##.......##
#.###..# ##.....##
#......# ##...##
#####.## ##'## #.# #.#


You could see a phantom.

Vanquished Creatures
  4 adders
  3 dart slugs
  4 orcs
  4 ball pythons
  5 endoplasms
  A giant cockroach (D:4)
  A hobgoblin (D:3)
  4 quokkas
  4 bats
  2 frilled lizards (D:1)
  5 goblins
  2 kobolds
  3 rats
42 creatures vanquished.

Notes
Turn   | Place    | Note
-------+----------+-------------------------------------------
     0 | D:1      | gelatine the Demonspawn Venom Mage began the quest for the
                  | Orb.
     0 | D:1      | Reached XP level 1. HP: 13/13 MP: 3/3
   254 | D:1      | Found a faded altar of an unknown god.
   262 | D:1      | Prayed at the altar of an unknown god.
   262 | D:1      | Became a worshipper of Fedhas Madash
   262 | D:1      | Reached * piety under Fedhas
   438 | D:1      | Reached skill level 1 in Transmutations
   471 | D:1      | Gained mutation: A meltable shield of frost defends you.
                  | (SH +4) [demonic ancestry]
   471 | D:1      | Reached XP level 2. HP: 20/20 MP: 0/5
   715 | D:1      | Found Xuthrar's General Store.
   746 | D:1      | Bought a scroll of identify for 28 gold pieces
   906 | D:1      | Found Horghewn's Antique Armour Emporium.
  1038 | D:1      | Found Xocaecyw's Book Shoppe.
  1642 | D:2      | Gained mutation: You regenerate magic rapidly. [demonic
                  | ancestry]
  1642 | D:2      | Reached XP level 3. HP: 21/25 MP: 2/6
  1916 | D:3      | Reached ** piety under Fedhas
  2151 | D:3      | Reached XP level 4. HP: 28/31 MP: 5/8
  2209 | D:3      | Found a blossoming altar of Fedhas.
  2818 | D:4      | Found a stormy altar of Qazlal.
  3035 | D:4      | Noticed a phantom
  3079 | D:4      | Gained mutation: You have very sharp teeth. [potion of
                  | mutation]
  3079 | D:4      | Gained mutation: You have a pair of small horns on your
                  | head. [potion of mutation]
  3099 | D:4      | HP: 2/46 [phantom (4)]
  3109 | D:4      | Slain by a phantom

Illustrated notes

Levels and vault maps discovered:
D:1:      dpeg_arrival_radiant, layout_basic, serial_shops,
          nicolae_shop_behind_doors, nicolae_diamond_shop, shop_statue,
          dreamdust_ecumenical_altar_grove, serial_bayou_pond_e, minmay_3d_cube
D:2:      layout_rooms
D:3:      layout_basic, elyvilon_altar_5, nicolae_overflow_hidden_temple
D:4:      layout_loops_corners, kennysheep_mini,
          mainiacjoe_overflow_concentric_impassable

Skill      XL: |  1  2  3  4 |
---------------+-------------+-----
Transmutations | 1 |  1.8
Dodging        | 2 |  2.1
Fighting       | |  0.5
Stealth        | |  1.7
Shields        | |  0.8
Spellcasting   | |  2.7
Poison Magic   | |  3.7

Action                   |  1- 3 |  4- 6 || total
-------------------------+-------+-------++-------
Melee: Unarmed           |     8 |       ||     8
       Club              |    23 |    59 ||    82
 Cast: Sting             |    66 |    41 ||   107
  Use: Scroll            |     1 |       ||     1
       Potion            |     1 |     8 ||     9
Armor: Robe              |    14 |     9 ||    23
       Skin              |       |    17 ||    17
Dodge: Dodged            |    39 |    43 ||    82
Block: Other             |     8 |    12 ||    20
